[Event "Titled Tuesday Blitz April 4 Early 2023"]
[White "Forgacs, Attila Jr."]
[Black "Mushini Ajay"]
[WhiteFideId "773654"]
[BlackFideId "35066188"]
[WhiteElo "2168"]
[BlackElo "2145"]
[Result "1/2-1/2"]
[Round "02"]
[TimeControl "180+2"]
[Date "2023.04.04"]
[WhiteClock "0:00:11"]
[BlackClock "0:00:09"]

1. e4 c5 2. Nf3 d6 3. d4 cxd4 4. Nxd4 Nf6 5. Nc3 g6 6. Be3 Bg7 7. f3 O-O 8. Qd2 Nc6 9. g4 Nxd4 10. Bxd4 Be6 11. h4 d5 12. g5 Nh5 13. Bxg7 Nxg7 14. exd5 Bf5 15. O-O-O Rc8 16. Bd3 Qa5 17. Bxf5 Nxf5 18. h5 b5 19. hxg6 fxg6 20. d6 Rxc3 21. Qxc3 Qxc3 22. bxc3 Nxd6 23. Rhe1 Kf7 24. Re5 Rc8 25. Rd3 Rc4 26. Kd2 Ra4 27. Rxd6 exd6 28. Rxb5 Rxa2 29. Rb7+ Ke6 30. Rxh7 Kf5 31. Rd7 Ra6 32. Ke3 Kxg5 33. f4+ Kf5 34. Rb7 Rc6 35. Rb5+ Rc5 36. c4 Kg4 37. Rb4 a5 38. Ra4 Kf5 39. Kf3 Kf6 40. Ke4 Ke6 41. Kd4 Kf6 42. Ra1 Kf5 43. Rg1 Kf6 44. Rg3 Kf5 45. Rg5+ Kxf4 46. Rxg6 Rc6 47. Kd5 Rc5+ 48. Kd4 Rc6 49. Rf6+ Kg5 50. Rf8 Ra6 51. Kc3 a4 52. Kb2 a3+ 53. Ka2 Kg6 54. Rf3 Kg5 55. Rxa3 Rc6 56. Ra4 Kf5 57. Kb3 Ke5 58. Ra5+ Ke4 59. Rd5 Rb6+ 60. Kc3 Rc6 61. Rd3 Ke5 62. Rd1 Ke6 63. Re1+ Kd7 64. Kd4 Kc7 65. c3 Ra6 66. Re7+ Kc6 67. Re8 Ra5 68. Rc8+ Kd7 69. Rb8 Rg5 70. Rb5 Rg4+ 71. Kd3 Rg3+ 72. Kc2 Rg2+ 73. Kb3 Rg1 74. Rh5 Kc6 75. Rh8 Rb1+ 76. Kc2 Rg1 77. Rh3 Rg2+ 78. Kb3 Rg5 79. Rh8 Rf5 80. Rc8+ Kb6 81. Rb8+ Kc6 82. Kb4 Rg5 83. Rc8+ Kb6 84. Rb8+ Kc6 85. Ra8 Kb6 86. Rb8+ Kc6 1/2-1/2


[Site "https://www.chess.com"]

[Event "Titled Tuesday Blitz April 4 Early 2023"]
[White "Romero Ruscalleda, Josep"]
[Black "Thecourseoisildur"]
[WhiteFideId "2231859"]
[WhiteElo "2183"]
[BlackElo "2512"]
[Result "0-1"]
[Round "02"]
[TimeControl "180+2"]
[Date "2023.04.04"]
[WhiteClock "0:00:01"]
[BlackClock "0:00:02"]

1. e4 c5 2. c3 d5 3. exd5 Qxd5 4. Nf3 Nf6 5. Na3 Nc6 6. Bc4 Qd8 7. O-O e6 8. Re1 Be7 9. Nc2 O-O 10. d4 cxd4 11. Ncxd4 Nxd4 12. Nxd4 a6 13. Bf4 Nd5 14. Bg3 Bf6 15. Qd2 Nb6 16. Bd3 Bxd4 17. cxd4 Nd5 18. Rad1 b5 19. a3 Bb7 20. Qe2 Rc8 21. Qe4 g6 22. Qg4 Qd7 23. h4 Qc6 24. Be5 f5 25. Qg5 Qd7 26. h5 Qe7 27. Qxe7 Nxe7 28. Bd6 Kf7 29. hxg6+ hxg6 30. Bxe7 Kxe7 31. d5 Bxd5 32. Bxb5 axb5 33. Rxd5 Rb8 34. Rc5 Rfd8 35. f4 Rd6 36. Kf2 Rd2+ 37. Re2 Rxe2+ 38. Kxe2 Kd6 39. Re5 g5 40. g3 g4 41. Kd3 Rh8 42. Rxb5 Rh3 43. Rb6+ Ke7 44. Kd4 Rxg3 45. b4 Rxa3 46. b5 g3 47. Rb7+ Kf6 48. Rb8 Kg7 49. Rb7+ Kg6 50. Rb8 Rb3 51. Kc4 Rb1 52. Rg8+ Kf7 53. Rxg3 Ke7 54. Kc5 Rc1+ 55. Kb6 Rc4 56. Rg7+ Kf6 57. Rd7 Rxf4 58. Kc5 Rf1 59. b6 Rc1+ 60. Kb5 Rb1+ 61. Kc6 f4 62. Kc7 f3 63. Rd3 Rf1 64. b7 f2 65. b8=Q Rc1+ 0-1


[Site "https://www.chess.com"]

[Event "Titled Tuesday Blitz April 4 Early 2023"]
[White "Vakhidov, Shahzod"]
[Black "Garrido, Denis"]
[WhiteFideId "14205270"]
[BlackFideId "601217"]
[WhiteElo "2212"]
[BlackElo "2333"]
[Result "1-0"]
[Round "02"]
[TimeControl "180+2"]
[Date "2023.04.04"]
[WhiteClock "0:01:00"]
[BlackClock "0:01:04"]

1. Nf3 Nf6 2. g3 d5 3. Bg2 e6 4. O-O Be7 5. d4 O-O 6. c4 c6 7. Qc2 b6 8. Nbd2 Bb7 9. e4 Na6 10. e5 Nd7 11. cxd5 Nb4 12. Qe4 Nxd5 13. Qg4 Kh8 14. Ne4 c5 15. Qh5 Qe8 16. dxc5 Nxc5 17. Nfg5 h6 18. Nd6 Bxd6 19. exd6 f6 20. Qxe8 Raxe8 21. Nf3 Rd8 22. Nd4 a6 23. b4 Rxd6 24. bxc5 bxc5 25. Nb3 c4 26. Ba3 1-0


[Site "https://www.chess.com"]

[Event "Titled Tuesday Blitz April 4 Early 2023"]
[White "Perrine, Dalton"]
[Black "I_KID_you_not"]
[WhiteFideId "2048434"]
[WhiteElo "2257"]
[BlackElo "2328"]
[Result "0-1"]
[Round "02"]
[TimeControl "180+2"]
[Date "2023.04.04"]
[WhiteClock "0:00:03"]
[BlackClock "0:00:18"]

1. Nf3 f5 2. d3 Nc6 3. d4 e6 4. g3 Nf6 5. Bg2 Be7 6. c4 d5 7. O-O Ne4 8. b3 h5 9. Bb2 h4 10. Nc3 hxg3 11. hxg3 Bf6 12. e3 b6 13. Ne2 g5 14. Ne5 Bxe5 15. dxe5 dxc4 16. Qxd8+ Nxd8 17. Nc3 cxb3 18. Nxe4 fxe4 19. Bxe4 Bb7 20. Bxb7 Nxb7 21. axb3 Na5 22. b4 Nc4 23. Bc3 Kd7 24. b5 c6 25. Rfd1+ Kc7 26. bxc6 Kxc6 27. Kg2 a5 28. Kf3 b5 29. Rac1 Rhc8 30. Ke2 Kb6 31. Bd4+ Ka6 32. Rh1 Rc7 33. Rh6 Rc6 34. Rg6 Rac8 35. Rxg5 b4 36. Rg7 Nb6 37. Rxc6 Rxc6 38. Rh7 a4 39. Rh1 a3 40. Kd3 Kb5 41. Rb1 Ka4 42. Bxb6 Rxb6 43. Kc4 Rc6+ 44. Kd3 b3 0-1


[Site "https://www.chess.com"]

[Event "Titled Tuesday Blitz April 4 Early 2023"]
[White "Fernandez Siles, Luis"]
[Black "Ljukin, Sergei"]
[WhiteFideId "2209420"]
[BlackFideId "14102200"]
[WhiteElo "2195"]
[BlackElo "2312"]
[Result "0-1"]
[Round "02"]
[TimeControl "180+2"]
[Date "2023.04.04"]
[WhiteClock "0:00:08"]
[BlackClock "0:00:39"]

1. d4 d5 2. c4 c6 3. Nc3 Nf6 4. cxd5 cxd5 5. Bf4 Nc6 6. e3 Bf5 7. Qb3 Na5 8. Bb5+ Bd7 9. Qa4 e6 10. Nf3 a6 11. Bxd7+ Nxd7 12. O-O b5 13. Qc2 Rc8 14. Qe2 Bb4 15. Rfc1 Bxc3 16. Rxc3 Rxc3 17. bxc3 Nb6 18. h4 O-O 19. h5 h6 20. Ne5 Qc8 21. Qg4 Kh7 22. Rc1 Nac4 23. Qe2 Nxe5 24. Bxe5 Nc4 25. Bf4 f6 26. e4 Qc6 27. exd5 Qxd5 28. Re1 Re8 29. Bc1 Nb6 30. Qg4 Qd7 31. Qg6+ Kh8 32. Bxh6 gxh6 33. Qxh6+ Qh7 34. Qxf6+ Qg7 35. Qf3 Nd5 36. Qe4 Nxc3 37. Qc6 Rg8 38. g3 Qxd4 39. Kg2 Qd5+ 40. Qxd5 exd5 41. Re6 Rd8 42. Rxa6 d4 43. g4 d3 44. g5 d2 45. Rh6+ Kg8 46. Rg6+ Kf8 47. Rf6+ Ke7 0-1


[Site "https://www.chess.com"]

[Event "Titled Tuesday Blitz April 4 Early 2023"]
[White "Goffredo_Fofi"]
[Black "Nery Junior, Jose Antonio"]
[BlackFideId "2104822"]
[WhiteElo "2505"]
[BlackElo "2197"]
[Result "1-0"]
[Round "02"]
[TimeControl "180+2"]
[Date "2023.04.04"]
[WhiteClock "0:00:11"]
[BlackClock "0:00:01"]

1. d4 d5 2. Nf3 Nf6 3. Bf4 c5 4. e3 Nc6 5. Nbd2 Bg4 6. c3 Qb6 7. Qc2 Bxf3 8. Nxf3 e6 9. Bd3 Rc8 10. Qb1 c4 11. Bc2 Qa6 12. e4 dxe4 13. Bxe4 Nxe4 14. Qxe4 Qb5 15. O-O Be7 16. Qe2 O-O 17. b3 Na5 18. Ne5 Qd5 19. b4 Nc6 20. a4 Nxe5 21. Bxe5 Bd6 22. Bxd6 Qxd6 23. f4 Rfe8 24. Rf3 g6 25. Raf1 b6 26. Rh3 Rcd8 27. Qf2 Qe7 28. Re1 Rd5 29. Rg3 Qd7 30. b5 a6 31. bxa6 Ra5 32. Re5 Rxa4 33. h4 Rxa6 34. h5 Ra5 35. Qe2 Kg7 36. Qxc4 Rxe5 37. fxe5 Rc8 38. Qf1 Qe7 39. Qf4 h6 40. hxg6 fxg6 41. Qe4 Qf7 42. Rf3 Qe7 43. Rf6 Qe8 44. Qb7+ Kg8 45. Qxb6 Rc6 46. Qb3 Kg7 47. Qb5 h5 48. Rf2 Qd7 49. Ra2 Rc7 50. Qb4 Qc6 51. Ra3 Qe4 52. Ra1 Qe3+ 53. Kh1 Qxc3 54. Qxc3 Rxc3 55. Ra7+ Kh6 56. Rd7 Rd3 57. Rd6 Kg5 58. Kh2 Kf5 59. Rd7 g5 60. Rf7+ Kg4 61. Rf6 1-0


[Site "https://www.chess.com"]

[Event "Titled Tuesday Blitz April 4 Early 2023"]
[White "Terletsky, Oleg"]
[Black "Ovezdurdyyeva, Jemal"]
[WhiteFideId "14116774"]
[BlackFideId "14001888"]
[WhiteElo "2084"]
[BlackElo "2043"]
[Result "0-1"]
[Round "02"]
[TimeControl "180+2"]
[Date "2023.04.04"]
[WhiteClock "0:00:01"]
[BlackClock "0:00:48"]

1. e4 d6 2. d4 Nf6 3. Nc3 g6 4. f4 c6 5. Nf3 b5 6. e5 dxe5 7. fxe5 Nd5 8. Ne4 Bg7 9. c3 O-O 10. Bd3 f6 11. O-O Nd7 12. e6 N7b6 13. Nc5 Qd6 14. Qe1 Nc7 15. Qh4 Nxe6 16. Nxe6 Bxe6 17. Bh6 Nd5 18. Rae1 Bf7 19. Bxg7 Kxg7 20. Re4 Rae8 21. Rfe1 Nc7 22. Qh3 Bxa2 23. Rh4 Bg8 24. Rg4 e5 25. dxe5 Qxd3 26. exf6+ Kh8 27. Rf1 Rxf6 28. Qh4 Ref8 29. Rg3 Nd5 30. h3 Nf4 0-1


[Site "https://www.chess.com"]

[Event "Titled Tuesday Blitz April 4 Early 2023"]
[White "NiklasSchmider"]
[Black "Mouhamad, Joachim"]
[BlackFideId "656410"]
[WhiteElo "2316"]
[BlackElo "2125"]
[Result "1-0"]
[Round "02"]
[TimeControl "180+2"]
[Date "2023.04.04"]
[WhiteClock "0:00:10"]
[BlackClock "0:00:08"]

1. e4 c5 2. Nf3 Nc6 3. d4 cxd4 4. Nxd4 g6 5. c4 Nf6 6. Nc3 d6 7. Be2 Nxd4 8. Qxd4 Bg7 9. Be3 O-O 10. Qd2 a5 11. O-O a4 12. Rfc1 Qa5 13. Rab1 Be6 14. b4 axb3 15. axb3 Qb4 16. Nd5 Qxd2 17. Nxe7+ Kh8 18. Bxd2 Nxe4 19. Bb4 Bd4 20. Bf3 Nxf2 21. Bc3 Bxc3 22. Rxc3 Rfe8 23. Nd5 Bf5 24. Rf1 Ne4 25. Re3 Nd2 26. Rfe1 Nxf3+ 27. gxf3 Rxe3 28. Rxe3 Ra1+ 29. Kf2 Rb1 30. b4 Be6 31. Re4 Bxd5 32. cxd5 Kg7 33. Ke3 Kf6 34. Kd3 Rb3+ 35. Kc4 Rxf3 36. Kb5 Rd3 37. Kc4 Rd1 38. Kb5 Rxd5+ 39. Kb6 Re5 40. Rf4+ Ke6 41. Kxb7 f5 42. Kc6 g5 43. Rd4 f4 44. Rxd6+ Kf5 45. Rd8 Kg4 46. b5 f3 47. b6 f2 48. Rf8 Rf5 49. Rxf5 Kxf5 50. b7 f1=Q 51. b8=Q Qf3+ 52. Kd7 Qd3+ 53. Ke7 Qe4+ 54. Kf8 Qe5 55. Qc8+ Kf4 56. Qc1+ Kg4 57. Qg1+ Kf5 58. Qb1+ Qe4 59. Qf1+ Qf4 60. Qb5+ Kg4+ 61. Kg8 h5 62. Qd7+ Qf5 63. Qd1+ Qf3 64. Qg1+ Kf4 65. Qd4+ Qe4 66. Qf2+ Ke5 67. Qg3+ Qf4 68. Qc3+ Kf5 69. Qc8+ Ke4 70. Qc4+ Kf3 71. Qf1+ Ke3 72. Qe1+ Kd4 73. Qd1+ Kc5 74. Qxh5 Kd4 75. Kh7 Ke4 76. Kh6 Ke5 77. Qxg5+ Qxg5+ 78. Kxg5 Ke6 79. Kg6 Ke7 80. Kg7 Ke6 81. h4 Kf5 82. h5 Kg5 83. h6 1-0


[Site "https://www.chess.com"]

[Event "Titled Tuesday Blitz April 4 Early 2023"]
[White "Sousa, Andre Ventura"]
[Black "Estremera Panos, Sergio"]
[WhiteFideId "1917617"]
[BlackFideId "2200864"]
[WhiteElo "2348"]
[BlackElo "2253"]
[Result "1-0"]
[Round "02"]
[TimeControl "180+2"]
[Date "2023.04.04"]
[WhiteClock "0:01:51"]
[BlackClock "0:01:26"]

1. e4 c5 2. Nf3 Nc6 3. d4 cxd4 4. Nxd4 e5 5. Nb5 d6 6. c4 g6 7. Bd3 Bg7 8. O-O Nf6 9. N1c3 a6 10. Na3 O-O 11. Nc2 Be6 12. Nd5 Rb8 13. a4 Nd4 14. Nxd4 exd4 15. Bg5 h6 16. Nxf6+ Bxf6 17. Bxh6 Re8 18. f4 Rc8 19. b3 b5 20. cxb5 axb5 21. Bxb5 Re7 22. f5 gxf5 23. exf5 Bd5 24. Qg4+ Kh7 25. Qh5 Qh8 26. Bf8+ Kg8 27. Qxh8+ Kxh8 28. Bxe7 Bxe7 29. f6 Bd8 30. Rac1 Rxc1 31. Rxc1 Bxf6 32. Bc4 Be4 33. Rd1 Kg7 34. b4 Kf8 35. g3 d5 36. Bd3 Ke7 37. Re1 Kd6 38. Bxe4 dxe4 39. Rxe4 Kd5 40. Re1 Kc4 41. b5 Kb4 42. b6 Bd8 43. b7 Bc7 44. b8=Q+ Bxb8 45. Rb1+ Kc3 46. Rxb8 d3 47. Rd8 d2 48. a5 Kc2 49. a6 1-0


[Site "https://www.chess.com"]

[Event "Titled Tuesday Blitz April 4 Early 2023"]
[White "Zampronha, Wladimir Camilo"]
[Black "Yu, Jason"]
[WhiteFideId "2103087"]
[BlackFideId "30907624"]
[WhiteElo "2176"]
[BlackElo "2500"]
[Result "0-1"]
[Round "02"]
[TimeControl "180+2"]
[Date "2023.04.04"]
[WhiteClock "0:02:04"]
[BlackClock "0:01:07"]

1. e4 e5 2. Nf3 Nc6 3. d4 exd4 4. Nxd4 Qh4 5. Nc3 Bb4 6. Nb5 Qxe4+ 7. Be2 Bxc3+ 8. bxc3 Kd8 9. O-O a6 10. Bd3 Qd5 11. Nd4 Nxd4 12. cxd4 Qxd4 13. Be3 Qf6 14. Rb1 Ne7 15. c4 Nc6 16. c5 h6 17. Re1 Re8 18. Qc2 Re6 19. Bc4 Re5 20. Qd2 Ke8 21. Bd5 Kf8 22. Bxc6 Qxc6 23. Bd4 Rg5 24. f4 Rg6 25. f5 Rg4 26. Qe3 Qxg2# 0-1


[Site "https://www.chess.com"]

[Event "Titled Tuesday Blitz April 4 Early 2023"]
[White "Shevtchenko, Olesya"]
[Black "Ward, Ieuan C"]
[WhiteFideId "24131890"]
[BlackFideId "406627"]
[WhiteElo "2003"]
[BlackElo "2314"]
[Result "1-0"]
[Round "02"]
[TimeControl "180+2"]
[Date "2023.04.04"]
[WhiteClock "0:00:17"]
[BlackClock "0:00:09"]

1. e4 c5 2. Nf3 d6 3. d4 cxd4 4. Nxd4 Nf6 5. Nc3 a6 6. Nb3 e5 7. Bg5 Be7 8. Bxf6 Bxf6 9. Qd3 Be6 10. O-O-O Be7 11. Nd5 Bxd5 12. Qxd5 Qc7 13. Na5 Nc6 14. Nc4 Rd8 15. Kb1 O-O 16. Be2 Nd4 17. Rhe1 b5 18. Ne3 Bg5 19. Bd3 Bxe3 20. Rxe3 Ne6 21. g3 Qc5 22. Be2 Nd4 23. c3 Qxd5 24. exd5 Nxe2 25. Rxe2 f5 26. Kc2 f4 27. Kb3 Rc8 28. g4 Rc4 29. f3 Rfc8 30. h4 Kf7 31. a3 g6 32. Kc2 a5 33. Rd3 h6 34. b3 R4c5 35. Kb2 Kf6 36. Rc2 b4 37. c4 bxa3+ 38. Kxa3 Rb8 39. Ra2 Rb4 40. Rc2 h5 41. g5+ Kf5 42. Re2 Rc7 43. Rc3 Rc5 44. Kb2 a4 45. Ka3 Rxb3+ 46. Rxb3 axb3 47. Kxb3 Ra5 48. Kb4 Ra1 49. Kb5 Rc1 50. Ra2 Rb1+ 51. Kc6 e4 52. fxe4+ Kxe4 53. Kxd6 f3 54. c5 Ke3 55. c6 f2 56. Rxf2 Kxf2 57. c7 Rc1 58. Kd7 Kg3 59. c8=Q Rxc8 60. Kxc8 Kxh4 61. d6 Kxg5 62. d7 Kg4 63. d8=Q g5 64. Qd4+ Kg3 65. Kd7 g4 66. Ke6 h4 67. Kf5 h3 68. Qxg4+ Kh2 69. Kf4 Kh1 70. Qxh3+ 1-0


[Site "https://www.chess.com"]

[Event "Titled Tuesday Blitz April 4 Early 2023"]
[White "UNSTOPPABLE_LEGEND"]
[Black "ibove"]
[WhiteElo "2498"]
[BlackElo "2312"]
[Result "1/2-1/2"]
[Round "02"]
[TimeControl "180+2"]
[Date "2023.04.04"]
[WhiteClock "0:01:57"]
[BlackClock "0:00:24"]

1. g3 Nf6 2. f3 g6 3. Nh3 Bg7 4. Nf2 O-O 5. Bg2 c6 6. e4 d5 7. O-O dxe4 8. fxe4 e5 9. d3 Na6 10. Nc3 h5 11. Bg5 Be6 12. Kh1 Qb6 13. Qd2 Kh7 14. a4 Ng4 15. Nxg4 Bxg4 16. h3 Be6 17. b3 f6 18. Be3 Qc7 19. Rf2 b6 20. Raf1 Rad8 21. Kh2 Nb4 22. Qe2 Qd7 23. Nb1 Qd6 24. Nc3 Qd7 25. Bf3 Kg8 26. g4 hxg4 27. Bxg4 Bxg4 28. Qxg4 Qxg4 29. hxg4 Kf7 30. Kg3 Ke6 31. Nb1 Rh8 32. Na3 Rh7 33. Rh2 Rdh8 34. Rfh1 Rxh2 35. Rxh2 Rxh2 36. Kxh2 Bf8 37. Bc1 Bc5 38. Kg3 Bd4 39. Kf3 Na2 40. Bd2 Bc3 41. Be3 Nb4 42. Ke2 Bb2 43. Nc4 Bc3 44. Bd2 Bxd2 45. Kxd2 f5 46. gxf5+ gxf5 47. exf5+ Kxf5 48. a5 b5 49. Nd6+ Ke6 50. Ne4 Kd5 51. c3 Na6 52. b4 c5 53. Nxc5 Nxc5 54. bxc5 Kxc5 55. Ke3 b4 56. cxb4+ Kxb4 57. Ke4 Kxa5 58. Kxe5 Kb6 59. Ke6 Kc5 60. Ke5 a5 61. d4+ Kc6 62. Ke6 a4 63. d5+ Kc5 64. d6 a3 65. d7 a2 66. d8=Q a1=Q 67. Qc7+ Kb4 68. Qb6+ Kc4 69. Qc6+ Kb3 70. Qd5+ Kb2 71. Qd4+ Ka2 72. Qa4+ Kb1 73. Qb3+ Qb2 74. Qd1+ Ka2 75. Qa4+ Kb1 76. Kd5 Qa2+ 77. Qxa2+ Kxa2 1/2-1/2


[Site "https://www.chess.com"]

[Event "Titled Tuesday Blitz April 4 Early 2023"]
[White "Kalajzic, Ivan"]
[Black "Korelskiy, Egor"]
[WhiteFideId "14506378"]
[BlackFideId "34329064"]
[WhiteElo "2203"]
[BlackElo "2186"]
[Result "0-1"]
[Round "02"]
[TimeControl "180+2"]
[Date "2023.04.04"]
[WhiteClock "0:00:36"]
[BlackClock "0:00:18"]

1. b3 e5 2. Bb2 Nc6 3. e3 Nf6 4. Bb5 Bd6 5. Na3 a6 6. Be2 Be7 7. c4 O-O 8. Nc2 d5 9. d3 h6 10. Nf3 e4 11. dxe4 dxe4 12. Nfd4 Nb4 13. O-O c5 14. Nxb4 cxd4 15. Nd5 Nxd5 16. cxd5 d3 17. Bxd3 exd3 18. Qxd3 Bf6 19. Bxf6 Qxf6 20. d6 Bf5 21. Qd5 Rad8 22. Rfd1 Rd7 23. Rd4 Rfd8 24. Rad1 Be6 25. Qc5 Qg5 26. Qc3 Bh3 27. g3 Qf6 28. e4 Rxd6 29. Rxd6 Rxd6 30. Qe1 Qf3 0-1


[Site "https://www.chess.com"]

[Event "Titled Tuesday Blitz April 4 Early 2023"]
[White "Bruedigam, Martin"]
[Black "MunichMouse"]
[WhiteFideId "24608033"]
[WhiteElo "2331"]
[BlackElo "2309"]
[Result "1-0"]
[Round "02"]
[TimeControl "180+2"]
[Date "2023.04.04"]
[WhiteClock "0:00:36"]
[BlackClock "0:00:01"]

1. d4 Nf6 2. c4 g6 3. f3 Bg7 4. e4 d6 5. Nc3 O-O 6. Be3 Nbd7 7. Qd2 c5 8. Nge2 a6 9. a4 Qa5 10. d5 Ne5 11. Nc1 Nh5 12. Be2 f5 13. O-O Bd7 14. Qc2 f4 15. Bf2 g5 16. Nb3 Qd8 17. a5 Qe8 18. Nd2 Nf6 19. Na4 g4 20. Nb6 gxf3 21. Bxf3 Nxf3+ 22. Nxf3 Ng4 23. h3 Nxf2 24. Rxf2 Rd8 25. Nxd7 Rxd7 26. e5 dxe5 27. Qe4 Qh5 28. Re1 Rf5 29. b4 Rd6 30. bxc5 Rg6 31. Nh4 Rfg5 32. Nxg6 Rxg6 33. Rf3 Qg5 34. Re2 Qf6 35. Rd2 Bf8 36. Rfd3 Qh4 37. d6 exd6 38. cxd6 Qd8 39. Qxb7 1-0


[Site "https://www.chess.com"]

[Event "Titled Tuesday Blitz April 4 Early 2023"]
[White "Arat, Ufuk Sezen"]
[Black "Jaskolka, Tomasz"]
[WhiteFideId "6309089"]
[BlackFideId "1170791"]
[WhiteElo "2289"]
[BlackElo "2155"]
[Result "1-0"]
[Round "02"]
[TimeControl "180+2"]
[Date "2023.04.04"]
[WhiteClock "0:00:53"]
[BlackClock "0:00:37"]

1. e4 c5 2. Nf3 e6 3. d4 cxd4 4. Nxd4 Nc6 5. Nc3 Qc7 6. g3 a6 7. Bg2 Nf6 8. O-O Nxd4 9. Qxd4 Bc5 10. Bf4 d6 11. Qd2 h6 12. Rad1 e5 13. Be3 Bxe3 14. fxe3 Be6 15. Qxd6 Rc8 16. Qxc7 Rxc7 17. Rd6 Ke7 18. Rfd1 h5 19. Rb6 h4 20. Nd5+ Bxd5 21. exd5 Rxc2 22. d6+ Kd8 23. Rxb7 Nd7 24. Bh3 hxg3 25. Rxd7+ Ke8 26. Rc7 gxh2+ 27. Kh1 Rxh3 28. d7+ Kd8 29. Rxc2 1-0


[Site "https://www.chess.com"]

[Event "Titled Tuesday Blitz April 4 Early 2023"]
[White "Aggelis, Nikolaos"]
[Black "Idnani, Roshan"]
[WhiteFideId "4213220"]
[BlackFideId "2072939"]
[WhiteElo "2189"]
[BlackElo "2303"]
[Result "0-1"]
[Round "02"]
[TimeControl "180+2"]
[Date "2023.04.04"]
[WhiteClock "0:00:13"]
[BlackClock "0:00:29"]

1. c4 g6 2. Nc3 Bg7 3. g3 d6 4. Bg2 e5 5. b4 f5 6. Bb2 Nf6 7. e3 O-O 8. Nge2 c6 9. O-O e4 10. d4 Be6 11. d5 Bf7 12. Nd4 Qc7 13. Rc1 Nbd7 14. Qb3 Ne5 15. Rfd1 Rfe8 16. Bf1 a6 17. Kg2 c5 18. bxc5 dxc5 19. Nde2 Nd3 20. Rxd3 exd3 21. Nf4 d2 22. Rd1 Ne4 23. Nxe4 Rxe4 24. Bxg7 Kxg7 25. Rxd2 g5 26. d6 Qd7 27. Nd5 Qxd6 28. Qxb7 Rae8 29. Bd3 R4e5 30. Be2 Rd8 31. Rd3 Rd7 32. Qa8 Bxd5+ 33. cxd5 Rxd5 34. Rxd5 Qxd5+ 35. Qxd5 Rxd5 36. Bxa6 Rd2 37. a4 Rc2 38. Bd3 Ra2 39. Bb5 Kf6 40. Kf1 Ke5 41. f3 Rxh2 42. a5 Rb2 43. Bc4 Rb4 44. Bd3 Ra4 45. a6 c4 46. f4+ gxf4 47. gxf4+ Ke6 48. Be2 Kd5 49. Bf3+ Kc5 50. Bb7 Ra2 51. Ke1 c3 52. Bc8 h5 53. Bxf5 Rxa6 54. Kf2 Kc4 55. Kg3 Rd6 56. Kh4 Rd3 57. Be6+ Kb4 58. Bf5 Rxe3 59. Kxh5 Rf3 60. Kg4 Rf1 61. Bd3 Rd1 62. Bc2 Rd2 63. Bh7 Kc5 64. Kf3 c2 65. Bxc2 Rxc2 66. Ke4 Kd6 0-1


[Site "https://www.chess.com"]

[Event "Titled Tuesday Blitz April 4 Early 2023"]
[White "Novikov, Evgenij"]
[Black "Rose, Felix"]
[WhiteFideId "4125380"]
[BlackFideId "5105722"]
[WhiteElo "2242"]
[BlackElo "2039"]
[Result "1-0"]
[Round "02"]
[TimeControl "180+2"]
[Date "2023.04.04"]
[WhiteClock "0:00:53"]
[BlackClock "0:00:07"]

1. e4 e6 2. d4 d5 3. e5 c5 4. Nf3 Nc6 5. dxc5 Bxc5 6. Bd3 Bd7 7. O-O Rc8 8. c4 Nb4 9. cxd5 Nxd5 10. Nbd2 Nb4 11. Ne4 Nxd3 12. Qxd3 Ne7 13. Rd1 Nd5 14. Nfg5 h6 15. Nxc5 hxg5 16. Nxb7 Qc7 17. Nd6+ Kf8 18. Bxg5 Rb8 19. Rac1 Qb6 20. Qf3 Be8 21. b3 1-0


[Site "https://www.chess.com"]

[Event "Titled Tuesday Blitz April 4 Early 2023"]
[White "Kohler, Aran"]
[Black "Petukhov, Dmitry"]
[WhiteFideId "1002856"]
[BlackFideId "4142748"]
[WhiteElo "2295"]
[BlackElo "2311"]
[Result "0-1"]
[Round "02"]
[TimeControl "180+2"]
[Date "2023.04.04"]
[WhiteClock "0:00:01"]
[BlackClock "0:00:33"]

1. d4 Nf6 2. Nf3 g6 3. Bg5 Bg7 4. Nbd2 O-O 5. e3 d5 6. Bd3 c5 7. c3 Nc6 8. h4 Nh5 9. dxc5 h6 10. Bf4 e5 11. Bh2 e4 12. Nxe4 dxe4 13. Bxe4 Bg4 14. Bd6 Re8 15. Bd5 Nf6 16. Bb3 Ne4 17. Qd5 Qd7 18. Rd1 Rad8 19. O-O Bxf3 20. gxf3 Nxd6 21. cxd6 Re5 22. Qc4 Na5 23. Qg4 Nxb3 24. axb3 Qxg4+ 25. fxg4 Re6 26. Ra1 a6 27. Rfd1 Rexd6 28. Rxd6 Rxd6 29. Kg2 Rd2 30. Rb1 Bf6 31. h5 Bh4 32. hxg6 fxg6 33. Rf1 Rxb2 34. b4 Rc2 35. e4 Rxc3 36. f4 Rc4 37. Kf3 Rxb4 38. e5 a5 39. Rc1 a4 40. f5 gxf5 41. gxf5 Rf4+ 42. Ke3 Rxf5 43. Ke4 Rf2 44. Rc8+ Kf7 45. Rc7+ Ke6 46. Rxb7 Re2+ 47. Kd4 Bf2+ 48. Kd3 Rxe5 49. Rh7 Be3 50. Kc4 Ra5 51. Rh8 Kf7 52. Kb4 Ra6 53. Kb5 Ra7 54. Rh7+ Kg6 0-1


[Site "https://www.chess.com"]

[Event "Titled Tuesday Blitz April 4 Early 2023"]
[White "Shapiro, Viktor"]
[Black "Kraus, Tomas"]
[WhiteFideId "4175700"]
[BlackFideId "331708"]
[WhiteElo "2152"]
[BlackElo "2389"]
[Result "0-1"]
[Round "02"]
[TimeControl "180+2"]
[Date "2023.04.04"]
[WhiteClock "0:00:31"]
[BlackClock "0:00:06"]

1. c4 e5 2. Nc3 Nf6 3. g3 c6 4. Bg2 d5 5. cxd5 cxd5 6. Qb3 Nc6 7. Nxd5 Nd4 8. Nxf6+ gxf6 9. Qd1 Qc7 10. Kf1 Nc2 11. Rb1 Be6 12. b3 Be7 13. d3 O-O 14. Nf3 Rfc8 15. h3 a5 16. Kg1 Na3 17. Bxa3 Bxa3 18. Kh2 Qc2 19. e3 Qxf2 20. Qd2 Rc2 21. Qxf2 Rxf2 22. d4 Rc8 23. Rhf1 Rxa2 24. dxe5 Rcc2 25. Rg1 fxe5 26. e4 Bc5 27. h4 Bxg1+ 28. Rxg1 Bxb3 29. Nxe5 Be6 30. Nf3 b5 31. Nd4 Rd2 32. Nxb5 a4 33. g4 Bxg4 34. Kg3 Bd7 35. Nc7 a3 36. Bf3 Rd3 37. Kf4+ Kf8 38. Bh5 Rf2+ 39. Kg5 a2 40. Nd5 Rdd2 41. Kh6 Rg2 42. Rc1 Rc2 43. Rd1 Rgd2 44. Rf1 Be6 45. Nf4 Rf2 46. Nxe6+ fxe6 47. Rg1 Rb2 48. Kxh7 a1=Q 49. Rg8+ Ke7 50. Rg7+ Kd6 51. e5+ Kxe5 52. Rg5+ Kd6 53. Be8 Rb7+ 54. Kg8 Rb8 0-1


[Site "https://www.chess.com"]

[Event "Titled Tuesday Blitz April 4 Early 2023"]
[White "Fuzesabonyilaci"]
[Black "Reprintsev, Alexander"]
[BlackFideId "14100541"]
[WhiteElo "2288"]
[BlackElo "2211"]
[Result "1-0"]
[Round "02"]
[TimeControl "180+2"]
[Date "2023.04.04"]
[WhiteClock "0:00:23"]
[BlackClock "0:01:25"]

1. d4 d5 2. Nc3 Nf6 3. Bf4 a6 4. Qd2 e6 5. O-O-O Nbd7 6. f3 Bb4 7. a3 Bxc3 8. Qxc3 c5 9. dxc5 O-O 10. Bd6 Re8 11. g4 b6 12. c6 Nf8 13. Bg3 b5 14. e4 Qb6 15. e5 d4 16. Qxd4 Qxd4 17. Rxd4 Nd5 18. Bd3 Ng6 19. Bxg6 fxg6 20. Ne2 Rf8 21. Nf4 Ne7 22. Rd6 g5 23. Nxe6 Bxe6 24. Rxe6 Rf7 25. Rd1 Rc8 26. Rd7 Nxc6 27. Rxf7 Kxf7 28. Rd6 a5 29. Rd7+ Ne7 30. Rb7 Rc5 31. h4 h6 32. hxg5 hxg5 33. c3 Ke6 34. Kc2 Nd5 35. Rxg7 b4 36. axb4 axb4 37. Be1 bxc3 38. Bxc3 Nxc3 39. Rg6+ Kf7 40. Rf6+ Ke7 41. bxc3 Rxe5 42. Rf5 Re3 43. Kd2 Re6 44. Rxg5 Ra6 45. Rf5 Ke6 46. Kd3 Rd6+ 47. Kc2 Rc6 48. Rf4 Ke5 49. Re4+ Kd5 50. c4+ Kc5 51. Kc3 Ra6 52. Re5+ Kd6 53. Rd5+ Ke6 54. f4 Ra3+ 55. Kd4 Rg3 56. Re5+ Kd6 57. c5+ Kc6 58. g5 Rg4 59. Re6+ 1-0


[Site "https://www.chess.com"]

[Event "Titled Tuesday Blitz April 4 Early 2023"]
[White "Tagliata"]
[Black "Miszler, Levente"]
[BlackFideId "763276"]
[WhiteElo "2287"]
[BlackElo "2176"]
[Result "1/2-1/2"]
[Round "02"]
[TimeControl "180+2"]
[Date "2023.04.04"]
[WhiteClock "0:00:11"]
[BlackClock "0:00:12"]

1. e4 c6 2. Nc3 d5 3. Nf3 Nf6 4. e5 Nfd7 5. e6 fxe6 6. d4 c5 7. Be3 Nc6 8. dxc5 Nf6 9. Bb5 Qa5 10. O-O Bd7 11. a3 g6 12. b4 Qc7 13. Bxc6 Bxc6 14. Bd4 Bg7 15. Qd3 O-O 16. Rae1 Bd7 17. Ng5 a5 18. Nxe6 Bxe6 19. Rxe6 axb4 20. axb4 Ra3 21. Bxf6 Bxf6 22. Qxd5 Kg7 23. Ne4 Rd8 24. Qc4 Qf4 25. Qe2 Be5 26. Ng3 Bf6 27. Rd1 Rd4 28. Rxd4 Qxd4 29. h3 Qxb4 30. Ne4 Ra1+ 31. Kh2 Re1 32. Qf3 Qc4 33. Rxf6 Qxe4 34. Rf7+ Kh6 35. Qxe4 Rxe4 36. Rf8 Rc4 37. Re8 Rxc5 38. Rxe7 Rxc2 39. Rxb7 Rxf2 40. Rb6 Rc2 41. Rb5 g5 42. Rb6+ Kg7 43. Rb7+ Kg6 44. Rb6+ Kh5 45. Rb7 h6 46. Rb6 Rd2 47. Rf6 g4 48. Rf5+ Kh4 49. hxg4 Kxg4 50. Rf8 h5 51. Rg8+ Kh4 52. Rh8 Ra2 53. Rg8 Rb2 54. Rh8 Rb3 55. Rg8 Rb2 56. Rh8 Ra2 57. Rg8 Rb2 1/2-1/2


[Site "https://www.chess.com"]